 Dungeon Crawl Stone Soup version 0.28-a0-620-g539b0f7ac7 (webtiles) character file.

Game seed: 17611530573466639432

85 meatgazer the Covered (level 4, -4/41 HPs)
             Began as a Gnoll Wanderer on Oct 6, 2021.
             Was a Follower of Kikubaaqudgha.
             Killed from afar by Natasha (5 damage)
             ... with a magic dart
             ... on level 2 of the Dungeon.
             The game lasted 00:03:18 (1096 turns).

meatgazer the Covered (Gnoll Wanderer)              Turns: 1096, Time: 00:03:20

Health: -4/41      AC:  9    Str: 16    XL:     4   Next: 48%
Magic:  5/5        EV:  9    Int:  9    God:    Kikubaaqudgha [*.....]
Gold:   19         SH:  0    Dex: 10    Spells: 3/5 levels left

rFire   . . .      SeeInvis .   a - +0 mace
rCold   . . .      Faith    .   (no shield)
rNeg    . . .      Spirit   .   b - +2 scale mail
rPois   .          Reflect  .   (no helmet)
rElec   .          Harm     .   (no cloak)
rCorr   .          Rampage  .   (no gloves)
Will    .....                   (no boots)
Stlth   ..........              (no amulet)
HPRegen 0.13/turn               (no ring)
MPRegen 0.09/turn               (no ring)

@: attractive
A: fangs 1, strong nose, distributed training
a: Renounce Religion, Receive Corpses


You were on level 2 of the Dungeon.
You worshipped Kikubaaqudgha.
Kikubaaqudgha was aware of your devotion.
You visited 1 branch of the dungeon, and saw 2 of its levels.

You collected 19 gold pieces.

Inventory:

Hand Weapons
 a - a +0 mace (weapon)
Armour
 b - a +2 scale mail (worn)
Scrolls
 e - a scroll of vulnerability {unknown}
Potions
 c - a potion of curing


   Skills:
 + Level 6.6 Fighting
 + Level 1.1 Short Blades
 + Level 1.1 Long Blades
 + Level 1.1 Axes
 + Level 4.6 Maces & Flails
 + Level 1.1 Polearms
 + Level 1.1 Staves
 + Level 1.1 Slings
 + Level 1.1 Bows
 + Level 1.1 Crossbows
 + Level 2.7 Throwing
 + Level 6.6 Armour
 + Level 1.1 Dodging
 + Level 1.1 Stealth
 + Level 2.7 Shields
 + Level 1.1 Unarmed Combat
 + Level 1.1 Spellcasting
 + Level 0.9 Conjurations
 + Level 0.9 Hexes
 + Level 0.9 Summonings
 + Level 0.9 Necromancy
 + Level 0.9 Translocations
 + Level 0.9 Transmutations
 + Level 0.9 Fire Magic
 + Level 0.9 Ice Magic
 + Level 0.9 Air Magic
 + Level 0.9 Earth Magic
 + Level 0.9 Poison Magic
 + Level 1.2 Invocations
 + Level 1.1 Evocations


You had 3 spell levels left.
You knew the following spells:

 Your Spells              Type           Power      Damage    Failure   Level
a - Animate Skeleton      Necr           4%         N/A       63%         1
b - Pain                  Necr           8%         1d4       63%         1

Your spell library contained the following spells:

 Spells                   Type           Power      Damage    Failure   Level
 Magic Dart               Conj           8%         1d3       63%         1
 Searing Ray              Conj           4%         2d4       77%         2
 Sublimation of Blood     Necr           1%         N/A       77%         2
 Portal Projectile        Hex/Tloc       4%         N/A       94%         3
 Vampiric Draining        Necr           1%         2d6       94%         3
 Fulminant Prism          Conj/Hex       1%         3d6       100%        4
 Petrify                  Tmut/Erth      2%         N/A       100%        4
 Blade Hands              Tmut           1%         N/A       100%        5
 Excruciating Wounds      Necr           1%         N/A       100%        5
 Irradiate                Conj/Tmut      1%         3d14      100%        5


Dungeon Overview and Level Annotations

Branches:
Dungeon (2/15)

Altars:
Kikubaaqudgha

Annotations:
D:2 Natasha


Innate Abilities, Weirdness & Mutations

You have very sharp teeth.
Your uncanny sense of smell can sniff out nearby items.
Your experience applies equally to all skills.


Message History

Natasha closely misses you.
The orc wizard hits you but does no damage.
It was a potion of attraction.
You feel attractive to monsters.
The crimson imp hits you but does no damage.
Natasha zaps a wand.
The puff of flame hits you!
* * * LOW HITPOINT WARNING * * *
The orc wizard barely misses you.
You closely miss the orc wizard.
You bite the orc wizard, but do no damage.
The orc wizard is heavily wounded.
The crimson imp closely misses you. Natasha barely misses you.
The orc wizard completely misses you.
You closely miss the orc wizard.
You bite the orc wizard, but do no damage.
The orc wizard is heavily wounded.
The crimson imp blinks!
Natasha claws you.
* * * LOW HITPOINT WARNING * * *
The orc wizard misses you.
The crimson imp is attracted toward you.
You sock Natasha! Your bite misses Natasha.
Natasha is heavily wounded.
Natasha barely misses you.
The orc wizard hits you with a +0 dagger.
* * * LOW HITPOINT WARNING * * *
You hit Natasha but do no damage.
Natasha is heavily wounded.
The crimson imp hits you but does no damage.
Natasha zaps a wand.
The puff of flame hits you.
* * * LOW HITPOINT WARNING * * *
The orc wizard hits you with a +0 dagger.
* * * LOW HITPOINT WARNING * * *
You closely miss Natasha.
Natasha is heavily wounded.
The crimson imp shouts, "Back with thee, thou bawdy toenail-biting snake-molt!"
The crimson imp blinks!
Natasha casts a spell at you. The magic dart hits you.
You die...
Kikubaaqudgha rasps: "You have failed me!
Welcome... death!"

......# ##..#..##
.[....# ##...## ......#
###### #########...##
.......
##.....##.........#.#
.......
..................#.#
.......
................÷...####
......
......#.................
......
#......................
......
#....§@h.....)...#.....
.....
#§.....o...............
...
#.##.....)..#.####.....
... ..........5##!#
..... ..
...............# ..... .
......?..##..#.. ##### ∆
.......(.##.....
........<.#.###.#
............. ..


You could see an orc wizard, Natasha and a crimson imp (summoned).

Vanquished Creatures
  Natasha (D:2)
  An orc wizard (D:2)
  A dart slug (D:1)
  An orc (D:2)
  3 ball pythons (D:1)
  5 bats
  An endoplasm (D:1)
  A giant cockroach (D:1)
  4 goblins (D:1)
  3 hobgoblins
  4 jackals (D:1)
  3 kobolds
  A quokka (D:2)
  A frilled lizard (D:1)
  2 rats
32 creatures vanquished.

Notes
Turn   | Place    | Note
-------+----------+-------------------------------------------
     0 | D:1      | meatgazer the Gnoll Wanderer began the quest for the Orb.
     0 | D:1      | meatgazer set off with the following items: a +0 mace, a +2
                  | scale mail, a potion of curing
     0 | D:1      | Reached XP level 1. HP: 23/23 MP: 1/1
   169 | D:1      | Reached XP level 2. HP: 26/29 MP: 2/2
   324 | D:1      | Found a faded altar of an unknown god.
   375 | D:1      | Became a worshipper of Kikubaaqudgha
   375 | D:1      | Reached * piety under Kikubaaqudgha
   375 | D:1      | Received a gift from Kikubaaqudgha
   379 | D:1      | Learned a level 1 spell: Animate Skeleton
   595 | D:1      | Reached XP level 3. HP: 35/35 MP: 3/3
   681 | D:1      | Learned a level 1 spell: Pain
   848 | D:2      | Noticed Natasha
   859 | D:2      | Killed Natasha
   860 | D:2      | Reached skill level 1 in Short Blades
   860 | D:2      | Reached skill level 1 in Long Blades
   860 | D:2      | Reached skill level 1 in Axes
   860 | D:2      | Reached skill level 1 in Polearms
   860 | D:2      | Reached skill level 1 in Staves
   860 | D:2      | Reached skill level 1 in Slings
   860 | D:2      | Reached skill level 1 in Bows
   860 | D:2      | Reached skill level 1 in Crossbows
   860 | D:2      | Reached skill level 1 in Dodging
   860 | D:2      | Reached skill level 1 in Stealth
   860 | D:2      | Reached skill level 1 in Unarmed Combat
   860 | D:2      | Reached skill level 1 in Spellcasting
   860 | D:2      | Reached skill level 1 in Invocations
   860 | D:2      | Reached skill level 1 in Evocations
   861 | D:2      | Reached XP level 4. HP: 13/41 MP: 5/5
  1073 | D:2      | Noticed Natasha
  1095 | D:2      | HP: 2/41 [Natasha/puff of flame (6)]
  1096 | D:2      | Killed from afar by Natasha

Illustrated notes

Levels and vault maps discovered:
D:1:      lemuel_arrival_room, layout_basic, basic_ecumenical_altar
D:2:      layout_rooms, uniq_natasha, uniq_sigmund, uniq_crazy_yiuf_cottage

Skill      XL: |  1  2  3 |
---------------+----------+-----
Short Blades   | 1 |  1.1
Long Blades    | 1 |  1.1
Axes           | 1 |  1.1
Polearms       | 1 |  1.1
Staves         | 1 |  1.1
Slings         | 1 |  1.1
Bows           | 1 |  1.1
Crossbows      | 1 |  1.1
Dodging        | 1 |  1.1
Stealth        | 1 |  1.1
Unarmed Combat | 1 |  1.1
Spellcasting   | 1 |  1.1
Invocations    | 1 |  1.2
Evocations     | 1 |  1.1
Fighting       | |  6.6
Maces & Flails | |  4.6
Throwing       | |  2.7
Armour         | |  6.6
Shields        | |  2.7
Conjurations   | |  0.9
Hexes          | |  0.9
Summonings     | |  0.9
Necromancy     | |  0.9
Translocations | |  0.9
Transmutations | |  0.9
Fire Magic     | |  0.9
Ice Magic      | |  0.9
Air Magic      | |  0.9
Earth Magic    | |  0.9
Poison Magic   | |  0.9

Action                   |  1- 3 |  4- 6 || total
-------------------------+-------+-------++-------
Melee: Mace              |    71 |    33 ||   104
       Pseudopods        |     5 |     4 ||     9
  Use: Potion            |       |     2 ||     2
Armor: Scale mail        |    44 |    24 ||    68
Dodge: Dodged            |    28 |    20 ||    48

Table legend: (Time is in decaauts)
 A = Elapsed time spent in this place.
 B = Non-inter-level travel time spent in this place.
 C = Inter-level travel time spent in this place.
 D = Time resting spent in this place.
 E = Time spent auto-exploring this place.
 F = Levels seen in this place.
 G = Mean time per level.
                   A        B        C        D        E       F      G
               +--------+--------+--------+--------+--------+-----+--------+
         Total |   1114 |   1108 |      6 |    264 |    602 |   2 |  557.0 |
       Dungeon |   1114 |   1108 |      6 |    264 |    602 |   2 |  557.0 |
               +--------+--------+--------+--------+--------+-----+--------+

Top non-repeatable levels by time:
     D:1: 773 daAuts
     D:2: 340 daAuts
